 Dungeon Crawl Stone Soup version 0.31-a0-369-g8eba5f6939 (console) character file.

Game seed: 8560438710019327465

19596 jejorda2 the Blocker (level 12, 0/145 HPs)
             Began as a Gnoll Berserker on July 29, 2023.
             Was an Elder of Trog.
             Slain by a fire elemental (2 damage)
             ... summoned by a deep elf pyromancer
             ... on level 12 of the Dungeon.
             The game lasted 00:33:13 (11815 turns).

jejorda2 the Blocker (Gnoll Berserker)             Turns: 11815, Time: 00:33:13

Health: 0/145      AC: 40    Str: 25    XL:     12   Next: 70%
Magic:  23/23      EV:  7    Int:  7    God:    Trog [****..]
Gold:   505        SH:  0    Dex: 11    Spells: 26/26 levels left

rFire   . . .        a - +5 dire flail
rCold   + + .        (shield currently unavailable)
rNeg    . . .        E - +13 crystal plate armour of Objectivity {Contam Fly rC+ Str+3}
rPois   .            r - +0 helmet
rElec   .            m - +2 cloak
rCorr   +            F - +0 pair of gloves
SInv    .            h - +0 pair of boots
Will    .....        u - amulet of faith Stlth
                     j - ring of resist corrosion
HPRegen 0.44/turn    B - ring of protection from cold
MPRegen 0.18/turn

%: faith
@: berserking, flying, studying 2 skills, very quick
A: fangs 1, strong nose, distributed training
a: Renounce Religion, Berserk, Trog's Hand, Brothers in Arms


You were on level 12 of the Dungeon.
You worshipped Trog.
Trog was greatly pleased with you.
You visited 1 branch of the dungeon, and saw 12 of its levels.
You also visited: Sewer.

You collected 1025 gold pieces.
You spent 520 gold pieces at shops.

Inventory:

Hand Weapons
 a - a +5 dire flail (weapon)
Missiles
 d - 2 throwing nets
 f - 4 boomerangs of dispersal
 g - 60 poisoned darts (quivered)
 l - 6 javelins
 w - 3 boomerangs
Armour
 h - a +0 pair of boots (worn)
 m - a +2 cloak (worn)
 r - a +0 helmet (worn)
 E - the +13 crystal plate armour of Objectivity (worn) {Contam Fly rC+ Str+3}
   (You found it on level 9 of the Dungeon)

   Str:       It affects your strength (+3).
   rC:        It protects you from cold.
   Fly:       It grants you flight.
   Contam:    It causes magical contamination when unequipped.
 F - a +0 pair of gloves (worn)
Jewellery
 j - a ring of resist corrosion (left hand)
 u - an amulet of faith (around neck)
 B - a ring of protection from cold (right hand)
Wands
 k - a wand of roots (19)
 y - a wand of charming (14)
 G - a wand of quicksilver (8)
Scrolls
 b - 3 scrolls of fog
 i - 4 scrolls of revelation
 q - a scroll of enchant armour
 t - 8 scrolls of teleportation
 A - 2 scrolls of immolation
 H - a scroll of enchant weapon
 I - a scroll of fear
Potions
 c - 5 potions of curing
 e - 4 potions of haste
 n - 2 potions of ambrosia
 o - 4 potions of might
 p - a potion of resistance
 s - 2 potions of mutation
 v - 2 potions of berserk rage
 x - a potion of attraction
 z - 2 potions of heal wounds {unknown}
 C - a potion of invisibility {unknown}
 D - a potion of lignification {unknown}


   Skills:
 + Level 10.1 Fighting
 + Level 7.7 Short Blades
 + Level 7.7 Long Blades
 + Level 7.7 Axes
 + Level 7.7 Maces & Flails
 + Level 7.7 Polearms
 + Level 8.9 Staves
 + Level 7.7 Ranged Weapons
 + Level 7.7 Throwing
 + Level 9.0 Armour
 + Level 9.0 Dodging
 + Level 7.7 Stealth
 + Level 10.2 Shields
 + Level 10.1 Unarmed Combat
 + Level 7.7 Spellcasting
 + Level 6.3 Conjurations
 + Level 6.3 Hexes
 + Level 6.3 Summonings
 + Level 6.3 Necromancy
 + Level 6.3 Translocations
 + Level 6.3 Transmutations
 + Level 6.3 Fire Magic
 + Level 6.3 Ice Magic
 + Level 6.3 Air Magic
 + Level 6.3 Earth Magic
 + Level 6.3 Poison Magic
 + Level 8.4 Invocations
 + Level 7.7 Evocations
 + Level 6.3 Shapeshifting


You had 26 spell levels left.
You didn't know any spells.
Your spell library was empty.

Dungeon Overview and Level Annotations

Branches:
Dungeon (12/15)            Temple (0/1) D:5            Lair (0/5) D:8
    Orc (0/2) D:12          Sewer (visited)

Altars:
Fedhas
Gozag
Hepliaklqana
Kikubaaqudgha
Okawaru
Qazlal
Trog
Vehumet
Wu Jian

Shops:
D:3 :   D:4 (   D:10 =   D:12 :


Innate Abilities, Weirdness & Mutations

You have very sharp teeth.
Your uncanny sense of smell can sniff out nearby items.
Your experience applies equally to all skills.


Message History

You are covered in liquid flames!
* * * LOW HITPOINT WARNING * * *
The fire elemental barely misses you.
The ogre zombie is engulfed in blazing flames.
The ogre zombie is destroyed!
The deep elf pyromancer casts a spell.
The deep elf pyromancer blinks!
Unknown command.
You thump the fire elemental! You bite the fire elemental.
The fire elemental is heavily damaged.
You are covered in liquid flames!
* * * LOW HITPOINT WARNING * * *
The fire elemental hits you. The fire elemental burns you!
* * * LOW HITPOINT WARNING * * *
You miss the fire elemental.
The fire elemental is heavily damaged.
You are covered in liquid flames!
* * * LOW HITPOINT WARNING * * *
You are no longer on fire.
The fire elemental hits you. x2; The fire elemental burns you!
* * * LOW HITPOINT WARNING * * *
You sock the fire elemental!
You destroy the fire elemental!
The fire elemental disappears in a puff of smoke!
The fire elemental hits you.
The deep elf pyromancer gestures wildly while chanting.
You closely miss the fire elemental.
The fire elemental is lightly damaged.
You closely miss the fire elemental.
You bite the fire elemental, but do no damage.
The fire elemental is lightly damaged.
The fire elemental hits you. The fire elemental burns you!
* * * LOW HITPOINT WARNING * * *
You bludgeon the fire elemental!!
The fire elemental is severely damaged.
The fire elemental hits you.
You hit the fire elemental. You bite the fire elemental!
The fire elemental is almost destroyed.
The fire elemental hits you. The fire elemental burns you!
You die...

#..##.# #........... #.....#
########...###..... #.....#
#........#.#.'..... #..##.#
#..#..#....#.#..... #..##.#
#.....#.####.#..... #.....#
#...○...#....#.#... #.....#
#(○e#####....#.#... #..#..#
#§#E+ #....#.#... #.....####
#.@.## #..###.....
####'#...####...#.##..########
#.....#.#.#..#...#............
#.....#...'..#.#.#####'########
#.....#..<#..#.................
#'###.#.#.#..#.................
#. #.+...#..#.................
# #.##+##..#.................
#.##.....#.................


You could see a deep elf pyromancer and a fire elemental (summoned).

Vanquished Creatures
  Snorg (D:11)
  Erolcha (D:12)
  2 boulder beetles
  2 two-headed ogres
  Lodul (D:12)
  5 cyclopes
  An ugly thing (D:9)
  2 manticores
  A gargoyle (D:10)
  Maggie (D:7)
  An unseen horror (D:12)
  2 komodo dragons
  2 trolls (D:12)
  2 hornets (D:9)
  Grinder (Sewer)
  A wraith (D:12)
  19 yaks
  4 shadows
  A wyvern (D:8)
  4 vampire mosquitoes (D:12)
  2 steam dragons
  Menkaure (D:7)
  An acid dragon (D:8)
  A two-headed ogre zombie (D:12)
  A water moccasin (D:5)
  2 black bears (D:6)
  2 orc warriors
  11 ogres
  2 ice beasts
  4 centaurs
  3 phantoms
  5 kobold brigands
  A bullfrog (D:4)
  A necrophage (Sewer)
  3 gnoll sergeants
  3 scorpions (D:6)
  9 wights
  A troll zombie (D:12)
  8 killer bees
  10 howler monkeys
  An electric eel (D:8)
  5 jellies
  4 orc priests
  An iguana (D:6)
  3 orc wizards
  2 sleepcaps
  4 ogre zombies (D:12)
  9 gnolls
  12 adders
  2 shadow imps (Sewer)
  3 white imps
  7 ufetubi
  2 adder zombies (Sewer)
  2 dart slugs
  A worm (D:4)
  15 orcs
  4 bats
  9 endoplasms
  2 giant cockroaches
  6 goblins
  7 hobgoblins
  12 jackals
  41 kobolds
  2 quokkas (D:1)
  5 ball pythons
  5 frilled lizards
  2 goblin skeletons (D:12)
  3 goblin zombies (D:12)
  A hobgoblin skeleton (D:12)
  2 kobold zombies (Sewer)
  An orc skeleton (D:12)
  15 orc zombies (D:12)
  4 rats
319 creatures vanquished.

Vanquished Creatures (collateral kills)
  2 ogres (D:12)
2 creatures vanquished.

Vanquished Creatures (others)
  An ogre zombie (D:12)
1 creature vanquished.

Grand Total: 322 creatures vanquished

Notes
Turn   | Place    | Note
-------+----------+-------------------------------------------
     0 | D:1      | jejorda2 the Gnoll Berserker began the quest for the Orb.
     0 | D:1      | Reached XP level 1. HP: 23/23 MP: 1/1
    75 | D:1      | Reached XP level 2. HP: 29/29 MP: 2/2
   481 | D:1      | Reached XP level 3. HP: 35/35 MP: 2/4
   537 | D:1      | Reached skill level 1 in Invocations
  1180 | D:2      | Reached skill level 1 in Short Blades
  1180 | D:2      | Reached skill level 1 in Long Blades
  1180 | D:2      | Reached skill level 1 in Axes
  1180 | D:2      | Reached skill level 1 in Maces & Flails
  1180 | D:2      | Reached skill level 1 in Polearms
  1180 | D:2      | Reached skill level 1 in Staves
  1180 | D:2      | Reached skill level 1 in Ranged Weapons
  1180 | D:2      | Reached skill level 1 in Throwing
  1180 | D:2      | Reached skill level 1 in Stealth
  1180 | D:2      | Reached skill level 1 in Shields
  1180 | D:2      | Reached skill level 1 in Spellcasting
  1180 | D:2      | Reached skill level 1 in Evocations
  1247 | D:2      | Reached XP level 4. HP: 41/41 MP: 5/5
  1249 | D:2      | Reached ** piety under Trog
  1318 | D:2      | Identified the +1 robe "Oblebref" {Will+}
  1356 | D:2      | Reached skill level 1 in Conjurations
  1356 | D:2      | Reached skill level 1 in Hexes
  1356 | D:2      | Reached skill level 1 in Summonings
  1356 | D:2      | Reached skill level 1 in Necromancy
  1356 | D:2      | Reached skill level 1 in Translocations
  1356 | D:2      | Reached skill level 1 in Transmutations
  1356 | D:2      | Reached skill level 1 in Fire Magic
  1356 | D:2      | Reached skill level 1 in Ice Magic
  1356 | D:2      | Reached skill level 1 in Air Magic
  1356 | D:2      | Reached skill level 1 in Earth Magic
  1356 | D:2      | Reached skill level 1 in Poison Magic
  1356 | D:2      | Reached skill level 1 in Shapeshifting
  1362 | D:2      | Found an ornate altar of the Wu Jian Council.
  1879 | D:3      | Found the +18 Lear's hauberk
  1952 | D:3      | Reached XP level 5. HP: 47/47 MP: 5/7
  2177 | D:3      | Found Gulo's Book Shoppe.
  2269 | D:3      | Found an iron altar of Okawaru.
  2855 | D:4      | Found a glowing drain.
  2864 | Sewer    | Entered a sewer
  2977 | Sewer    | Reached XP level 6. HP: 50/50 MP: 8/8
  2982 | Sewer    | Reached skill level 5 in Armour
  2982 | Sewer    | Reached skill level 5 in Dodging
  3015 | Sewer    | Reached *** piety under Trog
  3033 | Sewer    | Found an ancient bone altar of Kikubaaqudgha.
  3118 | Sewer    | Noticed Grinder
  3149 | Sewer    | Killed Grinder
  3150 | Sewer    | Reached XP level 7. HP: 60/60 MP: 10/10
  3725 | D:4      | Found Keuhozuf's Weapon Boutique.
  3850 | D:5      | Entered Level 5 of the Dungeon
  3868 | D:5      | Reached XP level 8. HP: 67/67 MP: 12/12
  4148 | D:5      | Found a staircase to the Ecumenical Temple.
  4267 | D:5      | Found a radiant altar of Vehumet.
  4279 | D:5      | Found a bloodstained altar of Trog.
  4338 | D:5      | Found an opulent altar of Gozag.
  4773 | D:6      | Reached XP level 9. HP: 69/73 MP: 14/14
  5181 | D:7      | Noticed Maggie
  5197 | D:7      | Killed Maggie
  5267 | D:7      | Reached skill level 5 in Shields
  5329 | D:7      | Reached skill level 5 in Invocations
  5824 | D:7      | Noticed Menkaure
  5835 | D:7      | Killed Menkaure
  6102 | D:8      | Reached XP level 10. HP: 73/80 MP: 17/17
  6239 | D:8      | Found a staircase to the Lair.
  6247 | D:8      | Reached skill level 5 in Short Blades
  6247 | D:8      | Reached skill level 5 in Long Blades
  6247 | D:8      | Reached skill level 5 in Axes
  6247 | D:8      | Reached skill level 5 in Maces & Flails
  6247 | D:8      | Reached skill level 5 in Polearms
  6247 | D:8      | Reached skill level 5 in Staves
  6247 | D:8      | Reached skill level 5 in Ranged Weapons
  6247 | D:8      | Reached skill level 5 in Throwing
  6247 | D:8      | Reached skill level 5 in Stealth
  6247 | D:8      | Reached skill level 5 in Spellcasting
  6247 | D:8      | Reached skill level 5 in Evocations
  6328 | D:8      | Noticed a centaur warrior
  6328 | D:8      | Noticed a catoblepas
  6333 | D:8      | Noticed a purple ugly thing
  6333 | D:8      | Identified the +4 long sword of a wizard's laboratory
                  | {protect, Dex+3}
  6334 | D:8      | Noticed a cane toad
  6653 | D:8      | Found a hazy altar of Hepliaklqana.
  6658 | D:8      | Reached **** piety under Trog
  6908 | D:9      | Paralysed by a hornet for 3 turns
  7142 | D:9      | Noticed a brown ugly thing
  7151 | D:9      | Killed a brown ugly thing
  7169 | D:9      | Noticed a boulder beetle
  7208 | D:9      | Killed a boulder beetle
  7432 | D:9      | Noticed a cyclops
  7463 | D:9      | Killed a cyclops
  7464 | D:9      | Reached skill level 5 in Conjurations
  7464 | D:9      | Reached skill level 5 in Hexes
  7464 | D:9      | Reached skill level 5 in Summonings
  7464 | D:9      | Reached skill level 5 in Necromancy
  7464 | D:9      | Reached skill level 5 in Translocations
  7464 | D:9      | Reached skill level 5 in Transmutations
  7464 | D:9      | Reached skill level 5 in Fire Magic
  7464 | D:9      | Reached skill level 5 in Ice Magic
  7464 | D:9      | Reached skill level 5 in Air Magic
  7464 | D:9      | Reached skill level 5 in Earth Magic
  7464 | D:9      | Reached skill level 5 in Poison Magic
  7464 | D:9      | Reached skill level 5 in Shapeshifting
  7464 | D:9      | Reached XP level 11. HP: 51/89 MP: 18/20
  7698 | D:9      | Noticed a cyclops
  7712 | D:9      | Killed a cyclops
  7733 | D:9      | Identified the +7 mace "Eckij" {freeze, Int+2}
  7733 | D:9      | Identified the +13 crystal plate armour of Objectivity
                  | {Contam Fly rC+ Str+3}
  8066 | D:9      | Found a stormy altar of Qazlal.
  8069 | D:9      | Found a blossoming altar of Fedhas.
  8144 | D:9      | Noticed a manticore
  8157 | D:9      | Killed a manticore
  8229 | D:9      | Noticed a cyclops
  8244 | D:9      | Killed a cyclops
  8444 | D:10     | Entered Level 10 of the Dungeon
  8444 | D:10     | Found Wucs's Jewellery Boutique.
  8446 | D:10     | Bought an amulet of faith for 520 gold pieces
  9094 | D:10     | Found an ancient bone altar of Kikubaaqudgha.
  9286 | D:10     | Noticed a two-headed ogre
  9293 | D:10     | Killed a two-headed ogre
  9870 | D:11     | Noticed a manticore
  9876 | D:11     | Killed a manticore
 10026 | D:11     | Noticed a cyclops
 10038 | D:11     | Killed a cyclops
 10130 | D:11     | Reached XP level 12. HP: 86/96 MP: 22/22
 10332 | D:11     | Noticed Snorg
 10347 | D:11     | Killed Snorg
 10918 | D:12     | Found Korghi's Book Boutique.
 10946 | D:12     | Noticed a boulder beetle
 10962 | D:12     | Killed a boulder beetle
 11055 | D:12     | Noticed a two-headed ogre
 11070 | D:12     | Killed a two-headed ogre
 11117 | D:12     | Reached ***** piety under Trog
 11196 | D:12     | Found a staircase to the Orcish Mines.
 11353 | D:12     | Reached skill level 10 in Fighting
 11353 | D:12     | Reached skill level 10 in Unarmed Combat
 11440 | D:12     | Noticed Lodul
 11450 | D:12     | Noticed Erolcha
 11460 | D:12     | Killed Lodul
 11464 | D:12     | Killed Erolcha
 11465 | D:12     | Reached skill level 10 in Shields
 11810 | D:12     | HP: 7/145 [fire elemental[a deep elf pyromancer] (1)]
 11813 | D:12     | HP: 1/145 [fire elemental[a deep elf pyromancer] (7)]
 11815 | D:12     | Slain by a fire elemental

Illustrated notes

Levels and vault maps discovered:
D:1:      matt_arrival_diagonals, layout_basic
D:2:      layout_basic, basic_altar
D:3:      layout_basic, mainiacjoe_overflow_brackets, serial_shops,
          shop_fountains
D:4:      layout_cave_pods, cheibrodos_sewer_entry_drain, serial_shops, shop,
          minmay_misc_feat_tower
D:5:      layout_loops_ring, lemuel_tele_altar,
          mainiacjoe_overflow_large_starburst, minmay_temple_entry_fiery,
          skrybe_limestone_x, kennysheep_generic_room_3
D:6:      layout_rooms, minmay_manual_mail
D:7:      layout_loops_ring, uniq_menkaure, uniq_maggie
D:8:      statuecave_lemuel, layout_loops_ring, kennysheep_little_box,
          dpeg_oklobed_lair, minivault_12
D:9:      minmay_the_grid_3x2 [minmay_the_grid_minigrid_medium,
          minmay_the_grid_medium_cups, minmay_the_grid_tree,
          minmay_the_grid_aliased_spiral, minmay_the_grid_stretched_grid,
          minmay_the_grid_prize_four_corners_diamond_b], layout_grid_maze,
          grunt_temple_overflow_forces_of_nature, kennysheep_generic_room_14
D:10:     layout_basic, mainiacjoe_overflow_24_doors, serial_shops, shop
D:11:     layout_rooms, uniq_snorg
D:12:     layout_stronghold, zombieorc2_lemuel, serial_shops, shop,
          uniq_erolcha, uniq_lodul

Skill      XL: |  1  2  3  4  5  6  7  8  9 10 11 12 |
---------------+-------------------------------------+-----
Invocations    | 1 2 3 4 5 6 7 8 |  8.4
Short Blades   | 1 2 3 4 6 7 |  7.7
Long Blades    | 1 2 3 4 6 7 |  7.7
Axes           | 1 2 3 4 6 7 |  7.7
Maces & Flails | 1 2 3 4 6 7 |  7.7
Polearms       | 1 2 3 4 6 7 |  7.7
Staves         | 1 2 3 4 6 7 8 |  8.9
Ranged Weapons | 1 2 3 4 6 7 |  7.7
Throwing       | 1 2 3 4 6 7 |  7.7
Stealth        | 1 2 3 4 6 7 |  7.7
Shields        | 1 2 3 5 7 9 10 | 10.2
Spellcasting   | 1 2 3 4 6 7 |  7.7
Evocations     | 1 2 3 4 6 7 |  7.7
Conjurations   | 1 2 3 4 5 6 |  6.3
Hexes          | 1 2 3 4 5 6 |  6.3
Summonings     | 1 2 3 4 5 6 |  6.3
Necromancy     | 1 2 3 4 5 6 |  6.3
Translocations | 1 2 3 4 5 6 |  6.3
Transmutations | 1 2 3 4 5 6 |  6.3
Fire Magic     | 1 2 3 4 5 6 |  6.3
Ice Magic      | 1 2 3 4 5 6 |  6.3
Air Magic      | 1 2 3 4 5 6 |  6.3
Earth Magic    | 1 2 3 4 5 6 |  6.3
Poison Magic   | 1 2 3 4 5 6 |  6.3
Shapeshifting  | 1 2 3 4 5 6 |  6.3
Armour         | 5 6 7 8 9 |  9.0
Dodging        | 5 6 7 8 9 |  9.0
Fighting       | 7 8 9 10 | 10.1
Unarmed Combat | 7 8 9 10 | 10.1

Action                     |  1- 3 |  4- 6 |  7- 9 | 10-12 || total
---------------------------+-------+-------+-------+-------++-------
  Melee: Unarmed           |    88 |   260 |   325 |   236 ||   909
         Bite              |     5 |    15 |    36 |    75 ||   131
         Punch             |     3 |     1 |       |       ||     4
         Dire flail        |       |       |       |   401 ||   401
  Throw: Dart              |       |       |       |    27 ||    27
 Invoke: Berserk           |     1 |     4 |     4 |     9 ||    18
         Trog's Hand       |       |     2 |     2 |     2 ||     6
         Brothers in Arms  |       |       |       |     1 ||     1
    Use: Scroll            |       |     1 |    17 |     7 ||    25
         Potion            |       |       |       |     1 ||     1
 Armour: Animal skin       |     4 |       |       |       ||     4
         Scale mail        |    27 |    23 |       |       ||    50
         Chain mail        |       |   151 |   184 |   101 ||   436
         Crystal plate arm |       |       |       |   308 ||   308
  Dodge: Dodged            |    63 |   132 |   121 |   172 ||   488
  Block: Buckler           |       |    44 |    70 |    65 ||   179

Table legend: (Time is in decaauts)
 A = Elapsed time spent in this place.
 B = Non-inter-level travel time spent in this place.
 C = Inter-level travel time spent in this place.
 D = Time resting spent in this place.
 E = Time spent auto-exploring this place.
 F = Levels seen in this place.
 G = Mean time per level.
                   A        B        C        D        E       F      G
               +--------+--------+--------+--------+--------+-----+--------+
         Total |  11839 |  11273 |    566 |    804 |   7470 |  13 |  910.7 |
       Dungeon |  11412 |  10846 |    566 |    780 |   7357 |  12 |  951.0 |
         Sewer |    426 |    426 |      0 |     24 |    113 |   1 |  426.0 |
               +--------+--------+--------+--------+--------+-----+--------+

Top non-repeatable levels by time:
    D:10: 1473 daAuts
     D:9: 1366 daAuts
    D:12: 1229 daAuts
     D:1: 1125 daAuts
     D:8: 1061 daAuts
     D:4: 952 daAuts
     D:7: 818 daAuts
     D:5: 798 daAuts
     D:2: 748 daAuts
    D:11: 680 daAuts
     D:3: 664 daAuts
     D:6: 492 daAuts
   Sewer: 426 daAuts
